 Dungeon Crawl Stone Soup version 0.21.0-24-g2553a33 (webtiles) character file.

112 draziel the Skirmisher (level 4, -1/41 HPs)
             Began as a Minotaur Berserker on Jan 20, 2018.
             Was a Believer of Trog.
             Slain by a two-headed ogre
             ... wielding a +0 dire flail
              (22 damage)
             ... on level 3 of the Dungeon.
             The game lasted 00:16:01 (2735 turns).

draziel the Skirmisher (Minotaur Berserker)         Turns: 2735, Time: 00:16:02

Health: -1/41      AC:  2    Str: 22    XL:     4   Next: 64%
Magic:  3/3        EV: 13    Int:  4    God:    Trog [**....]
Gold:   104        SH:  0    Dex: 10    Spells: 3/3 levels left

rFire    + . .     SeeInvis .   a - +0 hand axe
rCold    + . .     Gourm    .   (no shield)
rNeg     . . .     Faith    .   b - +0 animal skin
rPois    .         Spirit   .   (helmet restricted)
rElec    .         Reflect  .   s - scarf {rC+ rF+}
rCorr    .         Harm     .   (no gloves)
MR       .....                  (no boots)
Stlth    +.........             (no amulet)
HPRegen  0.13/turn              (no ring)
MPRegen  0.08/turn              (no ring)

@: no status effects
A: retaliatory headbutt, horns 2
a: Berserk, Trog's Hand, Burn Spellbooks, Renounce Religion


You were on level 3 of the Dungeon.
You worshipped Trog.
Trog was pleased with you.
You were very hungry.

You visited 1 branch of the dungeon, and saw 3 of its levels.

You collected 104 gold pieces.

Inventory:

Hand Weapons
 a - a +0 hand axe (weapon)
 e - a +0 dagger
 f - a +0 club
 j - a +0 club
 l - a +0 club
 m - a +0 dagger
 n - a +0 club
 o - a +0 club
 y - a +0 short sword
 B - a +0 hand axe
Missiles
 g - 17 stones (quivered)
 r - 42 arrows
Armour
 b - a +0 animal skin (worn)
 s - a scarf of resistance (worn)
 w - a +1 helmet
Wands
 A - a wand of random effects (13)
Scrolls
 h - a scroll of teleportation {unknown}
 k - 2 scrolls of identify {unknown}
 p - a scroll of remove curse {unknown}
 u - a scroll of fear {unknown}
 x - a scroll of noise {unknown}
 C - a scroll of amnesia {unknown}
 D - a scroll of random uselessness {unknown}
Potions
 d - a potion of mutation {unknown}
 i - a potion of degeneration {unknown}
 q - a potion of cancellation {unknown}
 t - 4 potions of curing {unknown}
 v - a potion of resistance {unknown}
 z - a potion of ambrosia {unknown}
 E - a potion of lignification {unknown}
Comestibles
 c - 5 rations


   Skills:
 * Level 4.6 Fighting
 * Level 4.6 Axes
 * Level 3.3 Armour
 * Level 3.2 Dodging


You had 3 spell levels left.
You didn't know any spells.

Dungeon Overview and Level Annotations

Branches:
Dungeon (3/15)

Altars:
Fedhas


Innate Abilities, Weirdness & Mutations

You reflexively headbutt those who attack you in melee.
You have a pair of horns on your head.


Message History

As you open the door, it creaks loudly!
There is an open door here.
Found an escape hatch in the ceiling.
E - a fizzy green potion No target in view!
You found a teleport trap!
No target in view!
HP restored.
A two-headed ogre comes into view.
It is wielding a dire flail and a giant club.
The two-headed ogre shouts in stereo!
The two-headed ogre moves out of view.
No target in view!
The two-headed ogre is too close now for your liking.
The two-headed ogre completely misses you.
The two-headed ogre hits you with a giant club!!
You hit the two-headed ogre but do no damage.
You headbutt the two-headed ogre, but do no damage.
The two-headed ogre hits you with a dire flail!!
Ouch! That really hurt!
You die...

######.## #.# ##.
#.# #.. ##'## #.#
##...## #.# ##
##.....## #.##.##
##.......#
#.#...####.........
#.@O.....+.........
#.#...####.........
#.##.## ##.......#
#.# ## ##.....##
#.# ##...## #.#
##'## #.##########
#.# #..........#
#.#
#..#######.###.####


You could see a two-headed ogre.

Vanquished Creatures
  4 adders (D:2)
  A worm (D:3)
  2 dart slugs (D:1)
  2 leopard geckos (D:1)
  6 bats
  3 giant cockroaches (D:1)
  9 goblins
  7 hobgoblins
  6 jackals
  3 quokkas
  2 frilled lizards
  9 kobolds
  8 rats
  4 toadstools (D:1)
66 creatures vanquished.

Notes
Turn   | Place    | Note
-------+----------+-------------------------------------------
     0 | D:1      | draziel the Minotaur Berserker began the quest for the Orb.
     0 | D:1      | Reached XP level 1. HP: 19/19 MP: 0/0
   136 | D:1      | Reached XP level 2. HP: 21/27 MP: 1/1
   825 | D:1      | Reached XP level 3. HP: 33/33 MP: 2/2
  1078 | D:1      | Reached ** piety under Trog
  1572 | D:2      | Reached XP level 4. HP: 22/41 MP: 3/3
  2388 | D:2      | Found a blossoming altar of Fedhas.
  2732 | D:3      | Noticed a two-headed ogre
  2735 | D:3      | Slain by a two-headed ogre

Skill      XL: |  1  2  3 |
---------------+----------+-----
Fighting       | 4 |  4.6
Axes           | 4 |  4.6
Armour         | 3 |  3.3
Dodging        | 3 |  3.2

Action                   |  1- 3 |  4- 6 || total
-------------------------+-------+-------++-------
Melee: Hand axe          |    87 |    29 ||   116
       Headbutt          |     9 |     5 ||    14
Invok: Berserk           |     1 |       ||     1
  Eat: Chunk             |     1 |     1 ||     2
       Ration            |       |     1 ||     1
Armor: Animal skin       |    15 |     4 ||    19
Dodge: Dodged            |    65 |    23 ||    88
